 Dungeon Crawl Stone Soup version 0.16.2-3-ga078185 (webtiles) character file.

75 gorblad the Skirmisher (level 4, -4/35 HPs)
             Began as a Mummy Fighter on Sept 8, 2015.
             Slain by a gnoll
             ... wielding a +0 whip
              (5 damage)
             ... on level 2 of the Dungeon.
             The game lasted 00:03:09 (1800 turns).

gorblad the Skirmisher (Mummy Fighter)              Turns: 1800, Time: 00:03:09

Health: -4/35      AC:  6    Str: 20    XL:     4   Next: 11%
Magic:  4/4        EV:  7    Int:  7    God:
Gold:   70         SH:  9    Dex: 11    Spells: 0 memorised, 3 levels left

rFire  x . .     SeeInvis .     a - +0 long sword
rCold  + . .     Clarity  .     b - +0 scale mail
rNeg   + + +     SustAb   .     c - +0 shield
rPois  ∞         Gourm    .     (no helmet)
rElec  .         Spirit   .     (no cloak)
rCorr  .         Warding  .     (no gloves)
rMut   .         Stasis   .     (no boots)
MR     .....                    (no amulet)
Stlth  ..........               (no ring)
                                (no ring)

@: not resistant to hostile enchantments, extremely unstealthy
A: no food or potions, fire vulnerability, restore body, cold resistance 1,
negative energy resistance 3, poison resistance, torment resistance, unbreathing
a: no special abilities


You were on level 2 of the Dungeon.
You were not hungry.

You visited 1 branch of the dungeon, and saw 2 of its levels.

You collected 70 gold pieces.

Inventory:

Hand weapons
 a - a +0 long sword (weapon)
Armour
 b - a +0 scale mail (worn)
 c - a +0 shield (worn)
Scrolls
 d - 3 scrolls of amnesia {unknown}
 e - 3 scrolls of identify {unknown}
 f - a scroll of immolation {unknown}
 g - a scroll of random uselessness {unknown}
 h - a scroll of noise {unknown}


   Skills:
 + Level 3.4 Fighting
 + Level 1.9 Long Blades
 + Level 2.9 Armour
 + Level 1.1 Dodging
 + Level 0.3 Stealth
 + Level 2.8 Shields


You had 3 spell levels left.
You didn't know any spells.

Dungeon Overview and Level Annotations

Branches:
Dungeon (2/15)

Altars:


Innate Abilities, Weirdness & Mutations

You do not eat or drink.
Your flesh is vulnerable to fire.
Your flesh is cold resistant.
You are immune to negative energy.
Your system is resistant to poisons.
You are immune to unholy pain and torment.
You can survive without breathing.


Message History

The adder is severely wounded.
The adder bites you but does no damage. The adder misses you.
You miss the adder.
The adder is severely wounded.
The adder bites you but does no damage. The adder barely misses you.
You hit the adder but do no damage.
The adder is severely wounded.
The adder closely misses you. The adder bites you but does no damage.
You closely miss the adder.
The adder is severely wounded.
The adder bites you but does no damage. The adder bites you.
* * * LOW HITPOINT WARNING * * *
You hit the adder.
You kill the adder!
You have reached level 4!
You barely miss the gnoll. The gnoll hits you with a whip.
* * * LOW HITPOINT WARNING * * *
The gnoll barely misses you.
You hit the gnoll but do no damage. The gnoll hits you with a whip.
You die...

........# #.....#. ........#
#.....#. ........#
#######.....#. g.......#
#....†.#.##.#. g#########
#......#.##.#. g#.......#
#......#.##.#. .#.......#
#......#.# .#.
.#.......###########......#.#
.'.......'...ggg@..'......#.#
##.......###########......#.#
.........'....# #####'##.#
.#.......####.# #.##.#
†#.......# #.# #.# .#.......#
#.# #.# .######### #.# #.# .#
#.# #.# .# #.# #.#


You could see 3 gnolls.

Vanquished Creatures
  2 gnolls
  An adder (D:2)
  A giant gecko (D:1)
  5 giant cockroaches
  6 hobgoblins
  5 jackals
  4 kobolds
  A quokka (D:2)
  A ball python (D:2)
  4 bats
  3 giant newts (D:1)
  4 goblins (D:1)
  7 rats
44 creatures vanquished.

Notes
Turn   | Place    | Note
--------------------------------------------------------------
     0 | D:1      | gorblad, the Mummy Fighter, began the quest for the Orb.
     0 | D:1      | Reached XP level 1. HP: 18/18 MP: 1/1
   367 | D:1      | Reached XP level 2. HP: 21/24 MP: 2/2
   683 | D:1      | Reached XP level 3. HP: 8/29 MP: 3/3
  1755 | D:2      | Reached skill level 1 in Dodging
  1798 | D:2      | Reached XP level 4. HP: 3/35 MP: 4/4
  1799 | D:2      | HP: 1/35 [gnoll/whip (3)]
  1800 | D:2      | Slain by a gnoll

Action                   |  1- 3 |  4- 6 || total
-------------------------+-------+-------++-------
Melee: Long sword        |   169 |     2 ||   171
